 Dungeon Crawl Stone Soup version 0.19-a0-261-g60b6c46 (webtiles) character file.

1071 aurelian the Insei (level 8, -6/48 HPs)
             Began as an Octopode Transmuter on May 25, 2016.
             Was an Initiate of Gozag.
             Mangled by an orc wizard
             ... wielding a +0 dagger
              (7 damage)
             ... on level 5 of the Dungeon.
             The game lasted 00:17:17 (6833 turns).

aurelian the Insei (Octopode Transmuter)            Turns: 6833, Time: 00:17:18

Health: -6/48      AC:  1    Str:  9    XL:     8   Next: 28%
Magic:  10/11      EV: 14    Int: 16    God:    Gozag
Gold:   470        SH:  0    Dex: 14    Spells: 3 memorised, 5 levels left

rFire  . . .     SeeInvis .       - Unarmed
rCold  . . .     Gourm    .     (no shield)
rNeg   . . .     Faith    .     u - +0 hat
rPois  +         Spirit   .     (no amulet)
rElec  .         Dismiss  .     t - ring of resist corrosion
rCorr  +         Reflect  .     p - ring of poison resistance
SustAt .         Harm     .     (no ring)
MR     .....                    (no ring)
Stlth  +++.......               (no ring)
                                (no ring)
                                (no ring)
                                (no ring)

@: gold aura, not resistant to hostile enchantments, fairly stealthy
A: almost no armour, amphibious, 8 rings, constrict 8, camouflage 1, gelatinous
body 1
a: Potion Petition, Call Merchant, Bribe Branch, Renounce Religion


You were on level 5 of the Dungeon.
You worshipped Gozag.
Gozag was noncommittal.
You were very hungry.

You visited 1 branch of the dungeon, and saw 5 of its levels.

You collected 518 gold pieces.
You paid 48 gold pieces to Gozag.

Inventory:

Missiles
 a - 5 arrows
 i - 54 stones (quivered)
Armour
 u - a +0 hat (worn)
Jewellery
 p - a ring of poison resistance (right tentacle)
 s - an uncursed ring of fire
 t - a ring of resist corrosion (left tentacle)
Scrolls
 d - a scroll of immolation {unknown}
 f - 2 scrolls of remove curse
 m - a scroll of amnesia
 q - 2 scrolls of identify
 r - 2 scrolls of random uselessness {unknown}
 x - a scroll of vulnerability {unknown}
Potions
 e - a potion of might
 g - 2 potions of agility {unknown}
 h - 2 potions of lignification {unknown}
 j - a potion of ambrosia {unknown}
 l - a potion of flight {unknown}
 w - a potion of invisibility {unknown}
Books
 b - a book of Changes

   Spells                             Type                      Level
   a - Beastly Appendage              Transmutation                1
   b - Sticks to Snakes               Transmutation                2
   c - Spider Form                    Transmutation/Poison         3
   d - Ice Form                       Ice/Transmutation            4
   e - Blade Hands                    Transmutation                5
Comestibles
 c - a beef jerky
 n - 2 fruits
 o - 4 meat rations
 v - a slice of pizza


   Skills:
 - Level 1.0 Fighting
 + Level 5.1 Dodging
 - Level 1.1 Stealth
 + Level 6.7 Unarmed Combat
 - Level 2.0 Spellcasting
 + Level 5.0 Transmutations
 + Level 2.6 Poison Magic


You had 5 spell levels left.
You knew the following spells:

 Your Spells              Type           Power        Failure   Level  Hunger
a - Beastly Appendage     Tmut           ###...       2%          1    #......
b - Sticks to Snakes      Tmut           ###.....     4%          2    ###....
c - Spider Form           Tmut/Pois      ##........   14%         3    ###....


Dungeon Overview and Level Annotations

Branches:
Dungeon (5/15)             Temple (0/1) D:4

Altars:
Ashenzari
Cheibriados
Dithmenos
Elyvilon
Fedhas
Gozag
Nemelex Xobeh
Sif Muna
Trog
Ukayaw

Annotations:
D:4 did4411's ghost, amateur CeFi


Innate Abilities, Weirdness & Mutations

You cannot wear most types of armour.
You are amphibious.
You can wear up to eight rings at the same time.
You can use your tentacles to constrict eight enemies at once.
Your skin changes colour to match your surroundings (Stealth+).
Your rubbery body absorbs attacks. (AC +1)


Message History

There is a stone staircase leading up here.
You hit the orc.
The orc is poisoned.
The orc is heavily wounded.
Something misses you. The orc misses you.
You hear some strange, mumbled words.
A puff of flame appears from out of thin air!
The puff of flame hits you!
* * * LOW HITPOINT WARNING * * *
You kill the orc!
You hear some strange, mumbled words.
A puff of flame appears from out of thin air!
The puff of flame misses you.
Things that are here:
a scale mail; a flail Your transformation has ended.
Your +0 hat unmelds from your body.
Something hits you.
* * * LOW HITPOINT WARNING * * *
Something hits you!
You die...
Your body crumbles into a pile of gold.

##.....######.# #.....##.#
##.........)...# ####.###.##
#.........###### #.#.....
..........# #.#.....
#.>.......####
###########.......
##...........#
#$......(...#.....
##.....####.###<#########.#.....
##...## #.....[..# #)######
##### #..###@#.# #.# #..# #.#.#
#.# #..# #.#.# #.# ####### #..#
#[#.# #.# ......# ##..# #.#.###
#.# ....#.# ##...# #.....# #.#
###<#.###...## ###.#.# #)#
#.#........# #.#.# #.#
#.#####...## #.#.# #.#


There were no monsters in sight!

Vanquished Creatures
  An orc warrior (D:5)
  A phantom (D:5)
  A necrophage (D:5)
  2 giant frogs
  Blork the orc (D:4)
  A howler monkey (D:5)
  3 crimson imps (D:5)
  4 orc wizards
  Natasha (thrice) (D:3)
  2 worker ants
  4 gnolls (D:5)
  9 adders
  A worm (D:2)
  3 dart slugs
  4 giant geckos
  5 orcs
  8 giant cockroaches
  7 goblins
  8 hobgoblins
  A jackal (D:3)
  2 quokkas
  A ball python (D:3)
  6 bats
  A giant gecko zombie (D:5)
  2 giant newts
  A jackal skeleton (D:3)
  7 kobolds
  8 rats
97 creatures vanquished.

Vanquished Creatures (collateral kills)
  An ogre (D:5)
1 creature vanquished.

Grand Total: 98 creatures vanquished

Notes
Turn   | Place    | Note
--------------------------------------------------------------
     0 | D:1      | aurelian the Octopode Transmuter began the quest for the Orb.
     0 | D:1      | Reached XP level 1. HP: 13/13 MP: 3/3
   339 | D:1      | Reached XP level 2. HP: 18/18 MP: 5/5
  1241 | D:1      | Reached skill level 1 in Stealth
  1480 | D:2      | Reached skill level 4 in Unarmed Combat
  1480 | D:2      | Reached XP level 3. HP: 6/23 MP: 4/6
  2231 | D:2      | Reached XP level 4. HP: 25/28 MP: 7/7
  2521 | D:2      | Reached skill level 5 in Unarmed Combat
  3033 | D:3      | Noticed Natasha
  3046 | D:3      | Killed Natasha
  3046 | D:3      | Reached XP level 5. HP: 33/33 MP: 8/8
  3177 | D:3      | Noticed Natasha
  3327 | D:3      | Found a hide-covered altar to Ukayaw.
  3329 | D:3      | Found a shadowy altar of Dithmenos.
  3331 | D:3      | Found a white marble altar of Elyvilon.
  3331 | D:3      | Found an opulent altar of Gozag.
  3336 | D:3      | Killed Natasha
  3436 | D:3      | Became a worshipper of Gozag Ym Sagoz the Greedy
  3650 | D:3      | Noticed Natasha
  3666 | D:3      | Killed Natasha
  3740 | D:3      | Found a snail-covered altar of Cheibriados.
  4180 | D:3      | Learned a level 2 spell: Sticks to Snakes
  4308 | D:3      | Reached XP level 6. HP: 38/38 MP: 9/9
  4547 | D:3      | Found a deep blue altar of Sif Muna.
  4713 | D:4      | Found a staircase to the Ecumenical Temple.
  4801 | D:4      | Noticed did4411's ghost (amateur CeFi)
  4812 | D:5      | Entered Level 5 of the Dungeon
  5197 | D:5      | Reached XP level 7. HP: 36/43 MP: 10/10
  5310 | D:4      | Noticed Blork the orc
  5329 | D:4      | Killed Blork the orc
  5329 | D:4      | Reached skill level 6 in Unarmed Combat
  5858 | D:5      | Learned a level 3 spell: Spider Form
  5909 | D:5      | Found a bloodstained altar of Trog.
  5951 | D:5      | Found a blossoming altar of Fedhas.
  5951 | D:5      | Found a shattered altar of Ashenzari.
  5954 | D:5      | Found a sparkling altar of Nemelex Xobeh.
  6017 | D:5      | Reached skill level 1 in Poison Magic
  6160 | D:5      | Reached XP level 8. HP: 30/46 MP: 9/11
  6310 | D:5      | Reached skill level 5 in Dodging
  6798 | D:4      | Reached skill level 5 in Transmutations
  6833 | D:5      | HP: 1/48 [something (4)]
  6833 | D:5      | Mangled by an orc wizard

Vault maps used:
D:1:      lightli_arrival_quake
D:3:      grunt_temple_overflow_open, tgw_sif, overflow_temple_1_default,
          solitary_fountain, minmay_splitting_lines, uniq_natasha
D:4:      lemuel_doored_altar, minmay_temple_entry_grid, gup_sewer_entry_spiral,
          serial_shops, nicolae_shop_behind_doors, first_bread,
          corexii_corridor_pit, grunt_decor_fettered, uniq_blork_the_orc,
          uniq_robin
D:5:      bloody_trog, minitemple, roderic_serpentine_path

Skill      XL: |  1  2  3  4  5  6  7  8 |
---------------+-------------------------+-----
Stealth        | 1 |  1.1
Unarmed Combat | 4 5 6 |  6.7
Dodging        | 3 4 5 |  5.1
Transmutations | 3 4 5 |  5.0
Poison Magic   | 1 2 |  2.6
Fighting       | |  1.0
Spellcasting   | |  2.0

Action                   |  1- 3 |  4- 6 |  7- 9 || total
-------------------------+-------+-------+-------++-------
Melee: Unarmed           |    86 |   121 |    94 ||   301
       Constrict         |    27 |    22 |    15 ||    64
       Tentacles         |     8 |    11 |    19 ||    38
       Kick              |     3 |     4 |     7 ||    14
       Punch             |       |     1 |     2 ||     3
Throw: Stone             |     2 |     1 |     2 ||     5
 Cast: Beastly Appendage |     4 |     4 |     6 ||    14
       Sticks to Snakes  |       |     1 |     6 ||     7
       Spider Form       |       |       |     3 ||     3
Invok: Potion Petition   |       |     1 |       ||     1
  Use: Scroll            |       |     5 |       ||     5
       Potion            |       |       |     2 ||     2
 Stab: Sleeping          |     5 |     7 |     1 ||    13
       Invisible         |       |     2 |       ||     2
       Distracted        |       |     1 |       ||     1
  Eat: Chunk             |     4 |     3 |       ||     7
       Pizza             |       |     3 |       ||     3
       Bread ration      |       |     1 |       ||     1
       Fruit             |       |       |     3 ||     3
Armor: Skin              |     6 |     4 |     7 ||    17
Dodge: Dodged            |    41 |    52 |    58 ||   151
